 Dungeon Crawl Stone Soup version 0.23-b1-67-g8bd44de (webtiles) character file.

Game seed: 8773611318811746854

49684 Tiagovsky the Basher (level 14, -1/135 HPs)
             Began as a Deep Dwarf Fighter on Feb 4, 2019.
             Was the Champion of Makhleb.
             Slain by a large abomination (23 damage)
             ... on level 2 of the Abyss on Feb 5, 2019.
             The game lasted 01:30:16 (15125 turns).

Tiagovsky the Basher (Deep Dwarf Fighter)          Turns: 15125, Time: 01:30:17

Health: -1/135     AC: 21    Str: 29    XL:     14   Next: 16%
Magic:  5/5        EV:  8    Int:  9    God:    Makhleb [******]
Gold:   418        SH: 14    Dex: 12    Spells: 13/13 levels left

rFire    + + .     SeeInvis .   w - +1 eveningstar
rCold    + + .     Gourm    .   c - +0 shield
rNeg     + . .     Faith    +   M - +0 gold dragon scales
rPois    +         Spirit   .   T - +0 helmet
rElec    +         Reflect  .   r - +0 cloak
rCorr    .         Harm     .   (no gloves)
MR       ++...                  b - +0 pair of boots
Stlth    ..........             B - amulet of faith
HPRegen  0.00/turn              v - +4 ring of strength
MPRegen  0.09/turn              S - ring of Oviuno {*Slow rElec rF+ rC+}

@: non-regenerating, slowed, studying Charms, very slow
A: damage resistance, heal wounds, negative energy resistance 1, sense
surroundings 2, no regeneration
a: Heal Wounds, Minor Destruction, Lesser Servant of Makhleb, Major Destruction,
Greater Servant of Makhleb, Renounce Religion


You were on level 2 of the Abyss.
You worshipped Makhleb.
Makhleb was exalted by your worship.
You were not hungry.

You visited 3 branches of the dungeon, and saw 18 of its levels.
You visited the Abyss 1 time.

You collected 1133 gold pieces.
You spent 715 gold pieces at shops.

Inventory:

Hand Weapons
 o - a +0 hunting sling
 w - a +1 eveningstar (weapon)
 y - a +3 flail of protection
Missiles
 e - 611 stones
 j - 92 sling bullets
 F - 11 tomahawks (quivered)
Armour
 b - a +0 pair of boots (worn)
 c - a +0 shield (worn)
 r - a +0 cloak (worn)
 M - +0 gold dragon scales (worn)
 T - a +0 helmet (worn)
Jewellery
 v - a +4 ring of strength (left hand)
 B - an amulet of faith (around neck)
 G - an uncursed ring of resist corrosion
 L - an uncursed ring of protection from cold
 S - the ring of Oviuno (right hand) {*Slow rElec rF+ rC+}
   (You found it on level 10 of the Dungeon)

   [ring of protection from fire]

   It protects you from fire.
   It protects you from cold.
   It insulates you from electricity.
   It may slow you when you take damage.
Wands
 a - a wand of random effects (18)
 u - a wand of iceblast (31)
 K - a wand of acid (22)
 N - a wand of disintegration (38)
 P - a wand of digging (5)
 V - a wand of polymorph (8)
Scrolls
 g - 10 scrolls of remove curse
 m - 6 scrolls of teleportation
 q - a scroll of identify
 I - a scroll of blinking
 J - a scroll of fog
 O - a scroll of enchant armour {unknown}
Potions
 d - 2 potions of might
 h - a potion of cancellation {unknown}
 i - 5 potions of lignification {unknown}
 k - 6 potions of heal wounds
 l - 4 potions of degeneration {unknown}
 n - 4 potions of agility {unknown}
 p - 6 potions of brilliance {unknown}
 s - 2 potions of flight {unknown}
 C - 2 potions of resistance {unknown}
 E - 5 potions of curing {unknown}
 H - a potion of magic {unknown}
 Q - a potion of haste
 R - a potion of mutation {unknown}
Books
 t - a manual of Charms
Comestibles
 f - 29 rations
 x - 6 chunks of flesh


   Skills:
 + Level 11.0 Fighting
 + Level 12.9 Maces & Flails
 - Level 9.1 Armour
 - Level 8.1 Dodging
 + Level 12.8 Shields
 - Level 8.0 Invocations
 - Level 4.0 Evocations


You had 13 spell levels left.
You didn't know any spells.
Your spell library contained the following spells:

 Spells                   Type           Power        Failure   Level  Hunger
 Animate Skeleton         Necr           N/A          100%        1    ##.....
 Corona                   Hex            #......      100%        1    ##.....
 Magic Dart               Conj           #...         100%        1    ##.....
 Pain                     Necr           #...         100%        1    ##.....
 Sandblast                Erth           #.....       100%        1    ##.....
 Blink                    Tloc           N/A          100%        2    ###....
 Call Imp                 Summ           #.......     100%        2    ###....
 Ensorcelled Hibernation  Hex/Ice        #.....       100%        2    ###....
 Passwall                 Tmut/Erth      #.......     100%        2    ###....
 Slow                     Hex            #.......     100%        2    ###....
 Confuse                  Hex            #.......     100%        3    ####...
 Conjure Flame            Conj/Fire      #.......     100%        3    ####...
 Dazzling Spray           Conj/Hex       #.....       100%        3    ####...
 Mephitic Cloud           Conj/Pois/Air  #.......     100%        3    ####...
 Stone Arrow              Conj/Erth      #.....       100%        3    ####...
 Tukima's Dance           Hex            #.......     100%        3    ####...
 Vampiric Draining        Necr           #.........   100%        3    ####...
 Animate Dead             Necr           N/A          100%        4    #####..
 Petrify                  Tmut/Erth      #.......     100%        4    #####..
 Lee's Rapid Deconstruct  Erth           #.........   100%        5    ######.
 Regeneration             Chrm/Necr      Unusable     N/A         3    N/A

Dungeon Overview and Level Annotations

Branches:
Dungeon (12/15)            Temple (1/1) D:4            Lair (5/6) D:8
 Shoals (0/4) Lair:3       Spider (0/4) Lair:2        Slime (0/5) Lair:5
    Orc (0/2) D:9

Altars:
Ashenzari
Cheibriados
Dithmenos
Elyvilon
Fedhas
Gozag
Hepliaklqana
Kikubaaqudgha
Makhleb
Nemelex Xobeh
Okawaru
Qazlal
Ru
Sif Muna
Trog
Uskayaw
Vehumet
Wu Jian
Xom
Yredelemnul
Zin
The Shining One

Shops:
D:6 *   D:8 ?:   D:9 %   D:11 *

Annotations:
D:12 Psyche; Sonja
Lair:4 1 runed translucent door, exclusion: 2 oklob plants, Juirae's ghost, journeyman TrMo
Lair:5 exclusion: oklob plant


Innate Abilities, Weirdness & Mutations

You are resistant to damage.
You can heal yourself by infusing magical energy.
You resist negative energy. (rN+)
You passively map the area around you.
You do not regenerate.


Message History

You block the naga's attack.
The starspawn tentacle loses its grip on you.
The tentacle pulls you backwards! The hell hog barely misses you.
You block the hell hog's attack. The large abomination hits you!!
* * * LOW HITPOINT WARNING * * *
The starspawn tentacle grabs you. The starspawn tentacle constricts you.
The hell hog bites you!
* * * LOW HITPOINT WARNING * * *
You hit the hell hog.
The hell hog is severely wounded.
The hell hog bites you.
* * * LOW HITPOINT WARNING * * *
You block the hell hog's attack.
You block the small abomination's attack.
The hell hog bites you but does no damage.
The starspawn tentacle constricts you.
The hell hog bites you but does no damage.
The starspawn tentacle loses its grip on you.
The tentacle pulls you backwards! The large abomination hits you!!
You die...

. #.....#......
.## #.#..........
..# #..........# #
#.##.#(.....##
#.#.#.....#.....#.
....###..........
#...Λ.†N...## ...
#..#wwXhh.#.# .. .
.....#.@hx..# ...
..#.#...X.....#
#.#..#....#...#
#......#....#.#
#.##............
..#.#....###.....
# .####. #.#.#.
..#. .# .##.## # #
. . # ..#


You could see a tentacled starspawn, 3 hell hogs, a large abomination, a naga, a
small abomination and 2 starspawn tentacles.

Vanquished Creatures
  A tentacled starspawn (Abyss:2)
  6 hydras
  A hell hog (Abyss:2)
  A two-headed ogre (D:11)
  An unseen horror (D:9)
  An ugly thing (D:11)
  A cyclops (D:11)
  A deep elf mage (D:8)
  An oklob plant (Lair:4)
  3 black mambas
  A guardian serpent (Abyss:2)
  A naga mage (Abyss:2)
  6 spiny frogs
  3 rime drakes
  6 komodo dragons
  A jumping spider (Lair:2)
  3 trolls
  A snapping turtle (Lair:3)
  8 hippogriffs
  15 blink frogs
  2 redbacks (Lair:2)
  30 yaks
  A human (D:8)
  3 basilisks
  3 wyverns
  3 hogs (D:8)
  4 hungry ghosts
  3 vampire mosquitoes (D:9)
  3 acid dragons
  A naga (Abyss:2)
  4 swamp worms (D:10)
  5 water moccasins
  10 porcupines
  7 orc warriors
  5 ice beasts
  4 sky beasts
  A black bear (D:9)
  5 phantoms
  4 centaurs
  8 wolves
  An ogre (D:10)
  5 crocodiles
  A big kobold (D:9)
  11 bullfrogs
  A wyvern skeleton (D:10)
  4 scorpions
  4 wights (D:11)
  4 howler monkeys
  4 crimson imps
  5 hounds
  A quasit (D:8)
  3 jellies
  11 orc wizards
  A bullfrog skeleton (D:9)
  8 orc priests
  Crazy Yiuf (D:5)
  2 centaur skeletons
  A gnoll shaman (D:9)
  3 iguanas
  10 worker ants
  2 hell rats (Lair:3)
  A hound zombie (D:5)
  3 hound skeletons
  A worker ant zombie (D:5)
  18 gnolls
  6 river rats (Lair:3)
  11 adders
  A shadow imp (D:8)
  2 oozes
  2 adder zombies
  An adder skeleton (D:6)
  6 worms
  4 dart slugs
  4 leopard geckos
  29 orcs
  2 ball pythons
  A giant cockroach (D:5)
  7 hobgoblins
  11 jackals
  16 kobolds
  4 quokkas
  7 bats
  11 frilled lizards
  A giant cockroach zombie (D:6)
  4 goblins
  7 rats
411 creatures vanquished.

Vanquished Creatures (collateral kills)
  A swamp worm (D:10)
  A plant (D:10)
2 creatures vanquished.

Vanquished Creatures (others)
  3 fungi
  15 plants
  10 starspawn tentacles (Abyss:2)
28 creatures vanquished.

Grand Total: 441 creatures vanquished

Notes
Turn   | Place    | Note
-------+----------+-------------------------------------------
     0 | D:1      | Tiagovsky the Deep Dwarf Fighter began the quest for the
                  | Orb.
     0 | D:1      | Reached XP level 1. HP: 20/20 MP: 1/1
   168 | D:1      | Reached XP level 2. HP: 21/27 MP: 2/2
  1038 | D:2      | Reached XP level 3. HP: 33/34 MP: 3/3
  1152 | D:2      | Reached XP level 4. HP: 20/42 MP: 3/3
  2083 | D:3      | Reached XP level 5. HP: 45/50 MP: 3/3
  2337 | D:3      | Found an iron altar of Okawaru.
  2684 | D:4      | Found a staircase to the Ecumenical Temple.
  2694 | Temple   | Entered the Ecumenical Temple
  2840 | Temple   | Became a worshipper of Makhleb the Destroyer
  2911 | D:4      | Reached XP level 6. HP: 57/57 MP: 4/4
  2951 | D:4      | Reached skill level 5 in Shields
  3536 | D:5      | Entered Level 5 of the Dungeon
  3722 | D:5      | Found a bloodstained altar of Trog.
  3731 | D:5      | Reached XP level 7. HP: 46/66 MP: 4/4
  3879 | D:5      | Reached * piety under Makhleb
  3879 | D:5      | Reached skill level 5 in Armour
  3903 | D:5      | Identified the +4 robe of the Fife {rCorr Str+5}
  4281 | D:5      | Found a runed translucent door.
  4282 | D:5      | Noticed Crazy Yiuf
  4331 | D:5      | Reached skill level 5 in Maces & Flails
  4345 | D:5      | Reached skill level 5 in Fighting
  4706 | D:5      | Killed Crazy Yiuf
  4778 | D:6      | Reached XP level 8. HP: 67/74 MP: 4/4
  4888 | D:6      | Found Efakkiche's Eclectic Emporium.
  4929 | D:6      | Bought a +0 eveningstar for 165 gold pieces
  5107 | D:6      | Reached ** piety under Makhleb
  5650 | D:7      | Found a glowing silver altar of Zin.
  6456 | D:8      | Reached skill level 1 in Invocations
  6509 | D:7      | Gained mutation: You passively map the area around you.
                  | [Deep Dwarf growth]
  6509 | D:7      | Reached XP level 9. HP: 36/82 MP: 4/6
  6640 | D:8      | Found Kitimeg's Book Emporium.
  6705 | D:8      | Found a glowing silver altar of Zin.
  6705 | D:8      | Noticed a deep elf mage
  6739 | D:8      | Killed a deep elf mage
  6756 | D:8      | Found Dimentat's Magic Scroll Boutique.
  6857 | D:7      | Reached skill level 1 in Evocations
  6965 | D:8      | Reached *** piety under Makhleb
  7160 | D:8      | Found a staircase to the Lair.
  7239 | D:9      | Reached XP level 10. HP: 72/92 MP: 7/7
  7316 | D:9      | Killed an unseen horror
  7416 | D:9      | Found a staircase to the Orcish Mines.
  7639 | D:9      | Reached **** piety under Makhleb
  7778 | D:9      | Found Wuosioch's Food Shop.
  7991 | D:10     | Entered Level 10 of the Dungeon
  8101 | D:10     | Reached skill level 10 in Maces & Flails
  8488 | D:10     | Reached XP level 11. HP: 40/103 MP: 8/8
  8496 | D:10     | HP: 4/103 [swamp worm (10)]
  9005 | D:10     | Got a faintly glowing copper ring
  9008 | D:10     | Identified the ring of Oviuno {*Slow rElec rF+ rC+} (You
                  | found it on level 10 of the Dungeon)
  9185 | Lair:1   | Entered Level 1 of the Lair of Beasts
  9369 | Lair:1   | Reached skill level 5 in Invocations
  9470 | Lair:1   | Reached skill level 10 in Shields
  9673 | Lair:1   | Reached ***** piety under Makhleb
  9681 | Lair:1   | Noticed a five-headed hydra
  9695 | Lair:1   | Killed a five-headed hydra
 10309 | Lair:2   | Reached skill level 1 in Dodging
 10563 | Lair:2   | Reached XP level 12. HP: 91/112 MP: 1/3
 10704 | Lair:2   | Noticed a seven-headed hydra
 10715 | Lair:2   | Killed a seven-headed hydra
 10995 | Lair:2   | Found a hole to the Spider Nest.
 11320 | Lair:2   | Upgraded the game from 0.23-b1-58-ge3fafae to
                  | 0.23-b1-67-g8bd44de
 11601 | D:6      | Bought a potion of experience for 550 gold pieces
 11603 | D:6      | Reached skill level 5 in Dodging
 11603 | D:6      | Reached XP level 13. HP: 110/123 MP: 4/4
 11748 | Lair:3   | Found a staircase to the Shoals.
 11928 | Lair:3   | Reached skill level 10 in Fighting
 12762 | Lair:4   | Found a runed translucent door.
 12763 | Lair:4   | Found a shimmering altar of Xom.
 12763 | Lair:4   | Noticed Juirae's ghost (journeyman TrMo)
 12763 | Lair:4   | Identified the +5 broad axe of Kindness {chaos, Int+2
                  | Stlth+}
 13424 | Lair:5   | Found a staircase to the Slime Pits.
 14216 | D:11     | Reached ****** piety under Makhleb
 14513 | D:11     | Gained mutation: You resist negative energy. (rN+) [Deep
                  | Dwarf growth]
 14513 | D:11     | Reached XP level 14. HP: 132/133 MP: 6/6
 14605 | D:11     | Found Congil's General Store.
 15017 | D:12     | Noticed Sonja
 15030 | D:12     | Noticed Psyche
 15038 | D:12     | Cast into level 2 of the Abyss (Psyche)
 15039 | Abyss:2  | Noticed a tentacled starspawn
 15044 | Abyss:2  | Noticed a tentacled starspawn
 15083 | Abyss:2  | HP: 3/133 [guardian serpent (7)]
 15087 | Abyss:2  | Killed a tentacled starspawn
 15100 | Abyss:2  | Noticed a tentacled starspawn
 15125 | Abyss:2  | Slain by a large abomination

Skill      XL: |  1  2  3  4  5  6  7  8  9 10 11 12 13 14 |
---------------+-------------------------------------------+-----
Fighting       | 3 4 5 6 7 8 9 10 11 | 11.0
Shields        | 4 5 6 7 8 9 10 11 12 | 12.8
Maces & Flails | 3 4 5 6 8 10 11 12 | 12.9
Armour         | 4 5 6 7 8 9 |  9.1
Invocations    | 1 4 6 7 8 |  8.0
Evocations     | 3 4 |  4.0
Dodging        | 2 5 7 8 |  8.1

Action                   |  1- 3 |  4- 6 |  7- 9 | 10-12 | 13-15 || total
-------------------------+-------+-------+-------+-------+-------++-------
Melee: Flail             |   155 |   322 |   173 |       |       ||   650
       Eveningstar       |       |       |   270 |   742 |   520 ||  1532
Throw: Stone             |       |       |    16 |       |       ||    16
       Tomahawk          |       |       |       |     2 |     1 ||     3
Invok: Minor Destruction |       |       |     1 |     1 |       ||     2
       Lesser Servant of |       |       |       |     1 |       ||     1
       Major Destruction |       |       |       |       |     3 ||     3
 Abil: Heal Wounds       |     4 |     6 |    16 |    26 |    14 ||    66
Evoke: Wand              |       |       |     1 |       |     1 ||     2
  Use: Scroll            |     2 |     5 |     7 |     3 |     2 ||    19
       Potion            |       |       |       |     1 |       ||     1
  Eat: Chunk             |     1 |     9 |    12 |    17 |     6 ||    45
       Ration            |       |       |     1 |       |     3 ||     4
Armor: Scale mail        |    67 |     2 |       |       |       ||    69
       Plate armour      |       |   135 |   282 |       |       ||   417
       Chain mail        |       |    19 |       |       |       ||    19
       Gold dragon scale |       |       |    63 |   520 |   309 ||   892
Dodge: Dodged            |    68 |    59 |   103 |   144 |   161 ||   535
Block: Shield            |   112 |   176 |   319 |   556 |   419 ||  1582
